 Dungeon Crawl Stone Soup version 0.21-a0-552-g593960d (webtiles) character file.

9 Gildeon the Insei (level 2, -1/21 HPs)
             Began as a Merfolk Transmuter on Dec 18, 2017.
             Slain by a goblin
             ... wielding a +0 club
              (2 damage)
             ... on level 1 of the Dungeon.
             The game lasted 00:02:21 (351 turns).

Gildeon the Insei (Merfolk Transmuter)               Turns: 351, Time: 00:02:21

Health: -1/21      AC:  3    Str: 10    XL:     2   Next: 12%
Magic:  4/5        EV: 11    Int: 12    God:
Gold:   9          SH:  0    Dex: 14    Spells: 2/5 levels left

rFire    . . .     SeeInvis .     - Unarmed
rCold    . . .     Gourm    .   (no shield)
rNeg     . . .     Faith    .   i - +0 leather armour
rPois    .         Spirit   .   (no helmet)
rElec    .         Reflect  .   (no cloak)
rCorr    .         Harm     .   (no gloves)
MR       .....                  (no boots)
Stlth    +.........             (no amulet)
HPRegen  0.07/turn              (no ring)
MPRegen  0.09/turn              (no ring)

@: appendage (expiring), heavily drained
A: change form in water, swift swim, stealthy swim, horns 2
a: End Transformation


You were on level 1 of the Dungeon.
You were not hungry.
You had grown temporary horns.
You visited 1 branch of the dungeon, and saw 1 of its levels.

You collected 9 gold pieces.

Inventory:

Missiles
 a - 27 arrows
Armour
 i - a +0 leather armour (worn)
Scrolls
 e - a scroll of immolation {unknown}
 h - a scroll of magic mapping {unknown}
 j - a scroll of identify {unknown}
Books
 c - a book of Changes

   Spells                             Type                      Level
   a - Beastly Appendage              Transmutation                1
   b - Sticks to Snakes               Transmutation                2
   c - Spider Form                    Transmutation/Poison         3
   d - Ice Form                       Ice/Transmutation            4
   e - Blade Hands                    Transmutation                5
Comestibles
 d - a bread ration
 f - 5 chunks of flesh
 g - a meat ration


   Skills:
 - Level 1.1(0.0) Fighting
 - Level 2.6(1.1) Dodging
 + Level 4.0(2.3) Unarmed Combat
 - Level 2.0(0.4) Spellcasting
 - Level 2.6(1.1) Transmutations


You had 2 spell levels left.
You knew the following spells:

 Your Spells              Type           Power        Failure   Level  Hunger
a - Beastly Appendage     Tmut           #.....       28%         1    ##.....
b - Sticks to Snakes      Tmut           #.......     38%         2    ###....


Dungeon Overview and Level Annotations

Branches:
Dungeon (1/15)

Altars:


Innate Abilities, Weirdness & Mutations

You revert to your normal form in water.
You are very nimble and swift while swimming.
You are very stealthy in the water. (Stealth+)
You have a pair of horns on your head.


Message History

You miss the goblin.
The goblin is severely wounded.
The goblin hits you but does no damage. The hobgoblin misses you.
The goblin hits you with a dagger of draining.
* * * LOW HITPOINT WARNING * * *
You feel drained. The rat barely misses you.
Casting: Beastly Appendage
Confirm with . or Enter, or press ? or * to list all spells.
You grow a pair of large bovine horns.
The goblin closely misses you. The hobgoblin hits you with a club.
* * * LOW HITPOINT WARNING * * *
The goblin misses you. The rat misses you.
You hit the goblin.
You kill the goblin!
Your base Unarmed Combat skill increases to level 4!
Your transformation is almost over.
The goblin barely misses you. The hobgoblin misses you.
The rat barely misses you.
You closely miss the goblin. The goblin hits you with a club.
You die...

..# ##########....# ..
#.............### ..
#................ ##.
#..............## ..#...
###................
#.....##.......[..........
........K##########.......
##..##.r####.............
. ##g@)......###......
##g.....## ##.....
####.### #.#.#.
#.########...#.
#...........##.
##....[##.....
#.##......### ....##..#
...##.)...#


You could see a hobgoblin, a goblin, a kobold and a rat.

Vanquished Creatures
  A ball python (D:1)
  A giant cockroach (D:1)
  2 goblins (D:1)
  3 hobgoblins (D:1)
7 creatures vanquished.

Notes
Turn   | Place    | Note
-------+----------+-------------------------------------------
     0 | D:1      | Gildeon the Merfolk Transmuter began the quest for the Orb.
     0 | D:1      | Reached XP level 1. HP: 15/15 MP: 3/3
   258 | D:1      | Reached XP level 2. HP: 21/21 MP: 3/5
   287 | D:1      | Learned a level 2 spell: Sticks to Snakes
   349 | D:1      | HP: 1/21 [hobgoblin/club (1)]
   350 | D:1      | Reached skill level 4 in Unarmed Combat
   351 | D:1      | Slain by a goblin

Vault maps used:
D:1:      roderic_crossed_star, minmay_misc_feat_more_columns,
          hangedman_decor_points, minmay_close_crescents

Skill      XL: |  1  2 |
---------------+-------+-----
Unarmed Combat | 4 |  4.0
Fighting       | |  1.1
Dodging        | |  2.6
Spellcasting   | |  2.0
Transmutations | |  2.6

Action                   || total
-------------------------++-------
Melee: Unarmed           ||    29
       Headbutt          ||     3
       Punch             ||     1
 Cast: Beastly Appendage ||     5
Armor: Robe              ||     1
       Leather armour    ||     6
Dodge: Dodged            ||    30

Table legend:
 A = Spawn XP
 B = Non-spawn XP
 C = Spawn XP percentage of total XP
 D = Spawn monster count
 E = Non-spawn monster count
 F = Spawn count percentage of total count
 G = Total turns spent on level
                    A         B        C        D         E        F      G
               +---------+---------+-------+---------+---------+-------+---------
         Total |       0 |      13 |   0.0 |       0 |       7 |   0.0 |   351
               +---------+---------+-------+---------+---------+-------+---------
           D:1 |       0 |      13 |   0.0 |       0 |       7 |   0.0 |   351
               +---------+---------+-------+---------+---------+-------+---------
